Match 46910765
Unlisted

Match 46910765
End
Vickers Machine Gun Team
Construct Section Command Post
Infantry Section
Dingo Light Scout Car
Royal Engineer Section
Construct Platoon Command Post
Infantry Section
Infantry Section
Construct Company Command Post
Selects Heavy Armor Battlegroup
Selects Rigorous Vehicle Training
Selects Light Vehicle Withdraw and Refit
Selects UNKNOWN (202330)
Selects Forward Repair Assembly
Foot Guards Section
Crusader AA Medium Tank
Foot Guards Section
Infantry Training
Construct Field Infirmary
Selects Churchill Black Prince Heavy Tank
Churchill Black Prince Heavy Tank
Selects Designate Targets
Selects Recon Artillery
Recon Artillery
Unlock M3 Grant Medium Tanks
Olg
yesman55
rocketpossum
JODLASTY
T1 Faker
Pinhi
0
0

Comments sign in to comment!

No comments posted yet!